Map: Dusk Towers

Players

Pokebunny - Winner!

  • Race: Terran Terran
  • League: Grandmaster

Dankilicious

  • Race: Zerg Zerg
  • League: Master

VOD

Have the link to the VOD?

Description

Time

  • Played on: April 6, 2016, 1:17 p.m.
  • Length: 6:47
Show
View Real Time Build Order
Export as new Build Order

Pokebunny Terran - Winner!

Build Orders: Liberator Opening, Reaper Expand 

Get SALT Encoding   

  12  0:00  SCV  
  13  0:13  SCV  
  14  0:17  Supply Depot  
  14  0:25  SCV  
  15  0:39  Barracks, SCV  
  16  0:44  Refinery  
  16  0:51  SCV  
  17  1:04  SCV  
  18  1:16  SCV  
  19  1:28  Reaper  
  19  1:29  Orbital Command  
  20  1:39  Command Center  
  20  1:50  Supply Depot  
  20  1:55  SCV  
  20  1:59  Marine  
  22  2:07  SCV  
  23  2:14  Factory  
  23  2:17  Refinery  
  23  2:19  SCV  
  24  2:27  Barracks Reactor  
  24  2:42  SCV  
  25  2:49  Command Center  
  25  2:52  Orbital Command  
  25  3:00  Starport  
  25  3:03  SCV  
  26  3:11  Hellion  
  28  3:13  Hellion  
  28  3:17  SCV  
  31  3:22  Liberator  
  31  3:26  SCV  
  32  3:29  Barracks Tech Lab  
  32  3:37  Hellion x2  
  39  3:50  Bunker  
  40  4:05  Orbital Command, Liberator  
  37  4:19  Marine x2  
  37  4:20  Siege Tank  
  37  4:22  SCV x2  
  47  4:30  SCV  
  48  4:34  SCV x2  
  50  4:38  Marine x2  
  50  4:42  Supply Depot  
  52  4:46  SCV x3  
  52  4:48  Supply Depot  
  52  4:49  Supply Depot  
  52  4:51  Barracks  
  55  4:53  Barracks  
  55  4:55  Siege Tank  
  55  4:57  Marine  
  59  5:00  Marine  
  59  5:05  Medivac  
  62  5:19  Marine x2  
  64  5:22  SCV x3  
  64  5:24  Refinery  
  64  5:25  Refinery  
  67  5:28  Engineering Bay  
  67  5:29  Engineering Bay  
  67  5:34  Siege Tank  
  70  5:36  Starport Reactor, Marine  
  70  5:37  Marine  
  72  5:46  Barracks Reactor, Barracks Tech Lab  
  72  5:54  Marine x2, SCV x3  
  77  6:05  Marine  
  78  6:12  Marine x2  
  78  6:15  Siege Tank  
  83  6:20  Barracks, SCV x2  
  83  6:21  Barracks  
  85  6:26  Supply Depot  
  85  6:28  Supply Depot  
  85  6:35  SCV  
Show
View Real Time Build Order
Export as new Build Order

Dankilicious Zerg 

Build Orders: Hatch First, Zergling Baneling 

Get SALT Encoding   

  12  0:01  Drone  
  13  0:12  Overlord  
  13  0:17  Drone  
  13  0:19  Extractor  
  13  0:23  Drone  
  15  0:31  Drone  
  15  0:34  Drone  
  17  0:56  Hatchery  
  16  0:59  Drone  
  16  1:02  Drone  
  18  1:14  Extractor  
  18  1:17  Spawning Pool  
  16  1:20  Drone  
  16  1:23  Drone  
  18  1:28  Drone  
  19  1:51  Hatchery  
  19  1:53  Drone  
  19  2:05  Queen  
  19  2:07  Zergling x2  
  22  2:10  Zergling x2  
  23  2:20  Queen  
  25  2:28  Spore Crawler  
  24  2:32  Spore Crawler  
  24  2:34  Drone  
  25  2:45  Metabolic Boost  
  24  2:53  Drone x2  
  24  2:54  Overlord  
  26  3:09  Drone, Queen  
  26  3:12  Drone  
  30  3:20  Roach Warren  
  29  3:41  Drone x2, Baneling Nest  
  31  3:42  Spine Crawler  
  31  3:43  Zergling x12  
  31  3:44  Zergling x2  
  37  3:53  Zergling x6  
  40  3:56  Extractor  
  40  4:00  Spine Crawler  
  38  4:07  Zergling x4  
  38  4:12  Spine Crawler  
  38  4:14  Zergling x2  
  39  4:21  Queen  
  41  4:34  Baneling  
  41  4:35  Spore Crawler, Baneling x6  
  41  4:36  Baneling x2  
  41  4:40  Zergling x2  
  41  4:43  Overlord  
  42  4:47  Extractor  
  42  4:48  Zergling x2, Extractor  
  42  4:52  Zergling x2  
  44  5:07  Baneling x3  
  40  5:18  Drone x6  
  40  5:19  Drone x2  
  44  5:26  Overlord  
  44  5:30  Extractor  
  44  5:32  Extractor  
  42  5:43  Queen  
  42  5:47  Drone x2  
  42  5:48  Drone  
  44  5:59  Drone x2  
  46  6:10  Drone  
Tags
 
Add a new tag
Caveats
  • Supply blocks, unpowered buildings, or Contaminate may cause inaccurate times.
  • Supply counts are checked every 10 seconds.